 Dungeon Crawl Stone Soup version 0.14-a0-1969-g2c76abe (webtiles) character file.

14172 Piginabag the Martial Artist (level 12, 77/77 HPs)
             Began as an Octopode Transmuter on Jan 17, 2014.
             Was a Believer of Cheibriados.
             Quit the game on Level 12 of the Dungeon.
             The game lasted 00:55:34 (20853 turns).

Piginabag the Martial Artist (Octopode Transmuter) Turns: 20853, Time: 00:55:34

HP  77/77        AC  1     Str 12      XL: 12   Next:  6%
MP  36/36        EV 22     Int 20      God: Cheibriados [**....]
Gold 681         SH  0     Dex 23      Spells:  3 memorised, 16 levels left

rFire  . . .     SeeInvis +       - Unarmed
rCold  + . .     Clarity  .     (no shield)
rNeg   . . .     Conserve .     (helmet restricted)
rPois  .         rCorr    .     (no amulet)
rElec  .         rRot     .     v - +3 ring of dexterity
SustAb + .       Spirit   .     x - cursed ring of sustain abilities
rMut   .         Warding  .     P - ring of magical power
Saprov . . .     Stasis   .     b - ring of see invisible
MR     .....                    (no ring)
                                (no ring)
                                (no ring)
                                (no ring)

@: very slow, not resistant to hostile enchantments, extremely stealthy
A: almost no armour, amphibious, 8 rings, constrict 8, camouflage 1, cold
resistance 1, weak 1, gelatinous body 1
a: Bend Time, Renounce Religion


You were on level 12 of the Dungeon.
You worshipped Cheibriados.
Cheibriados was pleased with you.
You were hungry.

You visited 3 branches of the dungeon, and saw 14 of its levels.
You also visited: Sewer and Ossuary.

You collected 681 gold pieces.

Inventory:

Magical devices
 f - a wand of lightning (7)
 g - a wand of disintegration (10)
 h - a wand of fire (5)
 k - a wand of disintegration (8)
 l - a wand of disintegration (14)
 m - a wand of lightning (6)
 n - a wand of digging (18)
 w - a wand of polymorph (11) {unknown}
 Q - a wand of teleportation (8)
Comestibles
 s - 14 strawberries
 A - 2 bread rations
 H - 2 meat rations
 L - 8 honeycombs
 R - 3 cheeses
 U - 2 pears
 W - a lemon
Scrolls
 c - a scroll of curse armour
 e - a scroll of fog
 j - 11 scrolls of identify
 q - 4 scrolls of remove curse
 r - a scroll of teleportation
 t - a scroll of magic mapping
 u - 2 scrolls of fear
 F - a scroll of recharging
 N - a scroll of enchant weapon I
Jewellery
 a - an uncursed amulet of resist mutation
 b - a ring of see invisible (on tentacle)
 v - a +3 ring of dexterity (left tentacle)
 x - a cursed ring of sustain abilities (right tentacle)
 O - a cursed amulet of conservation
 P - a ring of magical power (on tentacle)
Potions
 i - 2 potions of speed
 o - a potion of heal wounds
 p - a potion of confusion
 z - a potion of degeneration {unknown}
 B - a potion of poison
 C - a potion of agility
 D - 2 potions of magic
 E - 2 potions of restore abilities
 M - 2 potions of flight
 V - a potion of porridge
Books
 d - a book of Changes

   Spells                             Type                      Level
   *Beastly Appendage                 Transmutation                1
   Sticks to Snakes                   Transmutation                2
   *Spider Form                       Transmutation/Poison         3
   Ice Form                           Ice/Transmutation            4
   *Blade Hands                       Transmutation                5
 y - a book of Hinderance

   Spells                             Type                      Level
   Confusing Touch                    Hexes                        1
   Slow                               Hexes                        2
   Confuse                            Hexes                        3
   Petrify                            Transmutation/Earth          4
   Leda's Liquefaction                Hexes/Earth                  4
   Metabolic Englaciation             Hexes/Ice                    6


   Skills:
 + Level 5.5 Fighting
 + Level 9.4 Dodging
 + Level 9.5 Stealth
 + Level 9.6 Unarmed Combat
 + Level 7.4 Spellcasting
 + Level 7.5 Transmutations
 - Level 4.2 Poison Magic
 + Level 0.5 Evocations


You had 16 spell levels left.
You knew the following spells:

 Your Spells              Type           Power        Failure   Level  Hunger
a - Beastly Appendage     Trmt           #####.       1%          1    None
b - Spider Form           Trmt/Pois      ####......   2%          3    #......
c - Blade Hands           Trmt           #####.....   14%         5    #####..


Dungeon Overview and Level Annotations

Branches:
Dungeon (12/16)            Temple (1/1) D:7             Orc (0/4) D:12
   Lair (1/8) D:9

Altars:
Ashenzari
Cheibriados
Dithmengos
Elyvilon
Fedhas
Kikubaaqudgha
Makhleb
Nemelex Xobeh
Okawaru
Sif Muna
Trog
Vehumet
Xom
Yredelemnul
Zin
the Shining One

Shops:
D:10 (

Annotations:
D:3 exclusions: downstairs and 1 more exclusion
D:4 ciphuk's ghost, average TrBe
Lair:1 exclusion: oklob plant


Innate Abilities, Weirdness & Mutations

You cannot wear most types of armour.
You are amphibious.
You can wear up to eight rings at the same time.*
You can use your tentacles to constrict many enemies at once.*
Your skin changes colour to match your surroundings (Stlth).*
Your rubbery body absorbs attacks (AC +1).*
Your flesh is cold resistant.*
You are weak. (Str -2)


Message History

The sky beast is severely wounded.
The sky beast completely misses you.
You hit the sky beast.
The sky beast is severely wounded.
The sky beast flickers out of sight for a moment.
The sky beast hits you but does no damage.
You hit the sky beast.
You kill the sky beast!
Cheibriados appreciates the change of pace.
No target in view!
No target in view!
No target in view!
No target in view!
No target in view!
Done exploring.
Done exploring.
Done exploring.
Done exploring.
Done exploring.
Are you sure you want to abandon this character and quit the game? (Confirm with "yes".)

#########................>.....#.
........#......####+####.......##
........#......#.......#.........
........#......#.......#.........
........#......#.......#.........
........#......#.......#.........
........#......#.......#.........
........#......#'#######.........
........#.......@................
#########...........##########...
..............####..# #...
.......######.#..#..# #...
.......# #.#..#..# #... .......#
#.#..#..# #... .......# #.#..'..#
#... ######.# #.#..#..# #...
.....#.# #.####..# #...


There were no monsters in sight!

Vanquished Creatures
  Harold (Lair:1)
  Josephine (D:11)
  The ghost of Kae the Covert, an experienced SpEn of Dithmengos (D:9)
  An unseen horror (D:12)
  A shadow demon (D:12)
  Erolcha (D:9)
  A hill giant (D:11)
  A black mamba (D:9)
  Maurice (D:8)
  A troll (D:10)
  2 two-headed ogres
  Prince Ribbit (D:7)
  2 wyverns
  12 yaks
  Eustachio (D:7)
  A shadow (D:11)
  A hippogriff (D:9)
  A manticore (D:9)
  3 hill giant skeletons
  A deep elf fighter (D:9)
  Menkaure (D:7)
  A soldier ant (D:8)
  A porcupine (Lair:1)
  2 ice beasts
  2 phantoms
  5 sky beasts
  A black bear (D:8)
  5 ogres
  4 orc warriors
  2 centaurs
  A water moccasin (Lair:1)
  Sigmund (D:7)
  A giant slug (D:8)
  4 giant frogs
  A yaktaur skeleton (D:10)
  A cyclops zombie (D:11)
  10 killer bees
  A wight (D:8)
  A yak skeleton (D:11)
  A two-headed ogre zombie (D:11)
  3 crimson imps
  2 jellies
  A centaur skeleton (D:11)
  3 goliath beetles
  4 hounds
  A big fish (D:3)
  3 water moccasin zombies (Ossuary)
  3 orc priests
  2 spiders (D:8)
  5 iguanas
  8 worker ants
  A giant frog skeleton (D:11)
  9 orc wizards
  3 scorpions
  4 big kobold zombies (Ossuary)
  A sky beast zombie (D:5)
  Jessica (D:2)
  A mottled dragon skeleton (D:10)
  A hound skeleton (D:3)
  2 mummies (Ossuary)
  A worker ant zombie (D:5)
  14 gnolls
  19 adders
  A giant centipede (D:10)
  6 green rats
  A giant mite (D:3)
  5 worms
  An iguana zombie (D:5)
  2 adder zombies (Ossuary)
  3 grey rats (Sewer)
  35 orcs
  26 bats
  A bat zombie (D:5)
  2 giant cockroaches
  20 goblins
  13 hobgoblins
  9 jackals
  4 quokkas
  4 training dummies (D:10)
  2 ball pythons (Sewer)
  2 giant geckos
  10 giant newts
  A giant newt skeleton (D:4)
  A giant spore (D:7)
  2 gnoll zombies (Ossuary)
  A goblin zombie (D:4)
  6 hobgoblin zombies
  15 kobolds
  2 kobold zombies (Ossuary)
  An orc skeleton (D:9)
  6 orc zombies (Ossuary)
  A quokka zombie (D:4)
  27 rats
  A ballistomycete (D:7)
384 creatures vanquished.

Notes
Turn   | Place    | Note
--------------------------------------------------------------
     0 | D:1      | Piginabag, the Octopode Transmuter, began the quest for the Orb.
     0 | D:1      | Reached XP level 1. HP: 13/13 MP: 3/3
   560 | D:1      | Reached XP level 2. HP: 11/18 MP: 2/4
  1412 | D:2      | Reached XP level 3. HP: 23/23 MP: 6/6
  1433 | D:2      | Learned a level 3 spell: Spider Form
  1770 | D:2      | Reached skill level 4 in Unarmed Combat
  1844 | D:2      | Reached XP level 4. HP: 28/28 MP: 7/7
  1902 | D:2      | Noticed Jessica
  1906 | D:2      | Killed Jessica
  1906 | D:2      | Reached skill level 1 in Stealth
  2442 | D:3      | Noticed a giant goldfish
  2511 | D:3      | Noticed a giant goldfish
  2815 | D:3      | Found a glowing drain.
  2823 | D:3      | Reached XP level 5. HP: 23/33 MP: 7/9
  2832 | Sewer    | Entered a sewer
  4047 | D:3      | Reached XP level 6. HP: 36/38 MP: 11/11
  4381 | D:4      | Noticed ciphuk's ghost (average TrBe)
  4494 | D:4      | Reached skill level 1 in Poison Magic
  4876 | D:4      | Found a sand-covered staircase.
  4898 | Ossuary  | Entered an ossuary
  4981 | Ossuary  | Reached XP level 7. HP: 21/44 MP: 12/14
  6010 | D:5      | Entered Level 5 of the Dungeon
  6272 | D:5      | Reached skill level 5 in Unarmed Combat
  6621 | D:5      | Reached XP level 8. HP: 49/51 MP: 17/17
  7550 | D:6      | Reached skill level 5 in Dodging
  8370 | D:7      | Found a staircase to the Ecumenical Temple.
  8378 | Temple   | Entered the Ecumenical Temple
  8410 | Temple   | Became a worshipper of Dithmengos
  8425 | D:7      | Noticed Menkaure
  8434 | D:7      | Killed Menkaure
  8632 | D:7      | Noticed Sigmund
  8893 | D:7      | Noticed Prince Ribbit
  8907 | D:7      | Reached skill level 5 in Stealth
  8992 | D:7      | Learned a level 5 spell: Blade Hands
  9156 | D:7      | Killed Sigmund
  9156 | D:7      | Reached skill level 6 in Unarmed Combat
  9223 | D:7      | Found a snail-covered altar of Cheibriados.
  9235 | D:7      | Reached XP level 9. HP: 48/57 MP: 20/20
  9535 | D:7      | Noticed Eustachio
  9549 | D:7      | Killed Eustachio
 10380 | D:7      | Found a burning altar of Makhleb.
 10389 | D:7      | Found a sparkling altar of Nemelex Xobeh.
 10491 | D:7      | Killed Prince Ribbit
 10702 | D:8      | Reached skill level 7 in Unarmed Combat
 11331 | D:8      | Noticed Maurice
 11375 | D:8      | Killed Maurice
 11375 | D:8      | Reached skill level 5 in Spellcasting
 11375 | D:8      | Reached XP level 10. HP: 64/64 MP: 22/22
 11510 | D:9      | Acquired Dithmengos' first power
 11605 | D:8      | Reached skill level 5 in Transmutations
 12095 | D:9      | Identified a scroll of acquirement
 12247 | D:9      | Noticed Kae's ghost (experienced SpEn)
 12339 | D:9      | Killed Kae's ghost
 12399 | D:9      | Found a staircase to the Lair.
 12429 | D:9      | Reached skill level 8 in Unarmed Combat
 12487 | D:9      | Acquired Dithmengos' second power
 12868 | D:9      | Noticed Erolcha
 12885 | D:10     | Entered Level 10 of the Dungeon
 13409 | D:10     | Found Jeexarch's Weapon Boutique.
 14007 | D:11     | Reached XP level 11. HP: 64/70 MP: 24/24
 14019 | D:10     | Reached skill level 5 in Fighting
 14397 | D:11     | Noticed Josephine
 15311 | D:9      | Killed Erolcha
 15442 | Lair:1   | Entered Level 1 of the Lair of Beasts
 15445 | Lair:1   | Noticed Harold
 15453 | Lair:1   | Killed Harold
 15453 | Lair:1   | Reached skill level 9 in Stealth
 16161 | Lair:1   | Noticed a six-headed hydra
 16625 | D:7      | Fell from the grace of Dithmengos
 16625 | D:7      | Became a worshipper of Cheibriados the Contemplative
 18290 | D:11     | Noticed a hill giant
 18509 | D:11     | Killed Josephine
 18835 | D:11     | Gained mutation: You are weak. (Str -2) [potion of mutation]
 18835 | D:11     | Gained mutation: Your flesh is cold resistant. [potion of mutation]
 18835 | D:11     | Gained mutation: You are very weak. (Str -4) [potion of mutation]
 18836 | D:11     | Lost mutation: You are very weak. (Str -4) [potion of beneficial mutation]
 18881 | D:11     | Killed a hill giant
 19242 | D:12     | Found a staircase to the Orcish Mines.
 19304 | D:12     | Noticed a shadow demon
 19304 | D:12     | Noticed a shadow demon
 19701 | D:12     | Noticed an unseen horror
 19709 | D:12     | Killed an unseen horror
 19733 | D:12     | Killed a shadow demon
 20274 | D:12     | Reached XP level 12. HP: 44/77 MP: 27/27
 20615 | D:12     | Noticed a yaktaur captain
 20619 | D:12     | Noticed an unseen horror
 20621 | D:12     | Noticed an eight-headed hydra
 20853 | D:12     | Quit the game

Action                   |  1- 3 |  4- 6 |  7- 9 | 10-12 || total
-------------------------+-------+-------+-------+-------++-------
Melee: Unarmed           |    84 |   220 |   463 |   562 ||  1329
 Cast: Beastly Appendage |     2 |     4 |     9 |     3 ||    18
       Spider Form       |     3 |    10 |    55 |    38 ||   106
       Blade Hands       |       |       |       |    32 ||    32
Invok: Shadow Step       |       |       |       |     4 ||     4
Evoke: Wand              |       |       |     2 |     4 ||     6
  Use: Potion            |     1 |       |     1 |    21 ||    23
       Scroll            |       |       |     7 |    22 ||    29
 Stab: Sleeping          |     1 |    17 |    21 |    16 ||    55
       Distracted        |       |       |     2 |     3 ||     5
